 Dungeon Crawl Stone Soup version 0.19-a0-330-g034cfd4 (webtiles) character file.

416 oplop the Sneak (level 6, -3/44 HPs)
             Began as a Vampire Enchanter on May 27, 2016.
             Killed from afar by an orc wizard (5 damage)
             ... with a puff of flame
             ... on level 4 of the Dungeon on May 28, 2016.
             The game lasted 00:07:55 (2685 turns).

oplop the Sneak (Vampire Enchanter)                 Turns: 2685, Time: 00:07:56

Health: -3/44      AC:  4    Str:  5    XL:     6   Next: 60%
Magic:  1/11       EV: 14    Int: 23    God:
Gold:   232        SH:  0    Dex: 16    Spells: 4 memorised, 2 levels left

rFire  + . .     SeeInvis +     a - +2 short sword (venom)
rCold  + + .     Gourm    .     m - +2 robe {rF+}
rNeg   + + +     Faith    .     (no shield)
rPois  ∞         Spirit   .     (no helmet)
rElec  .         Dismiss  .     (no cloak)
rCorr  .         Reflect  .     (no gloves)
SustAt +         Harm     .     (no boots)
MR     .....                    (no amulet)
Stlth  ++++......               (no ring)
                                l - ring of sustain attributes

@: brilliant, flying, very slightly contaminated, bloodless, non-regenerating,
not resistant to hostile enchantments, stealthy
A: fangs 3, see invisible, weak 1, unbreathing
a: Bat Form


You were on level 4 of the Dungeon.
You were bloodless.

You visited 1 branch of the dungeon, and saw 4 of its levels.

You collected 232 gold pieces.

Inventory:

Hand Weapons
 a - a +2 short sword of venom (weapon)
 o - a +1 dagger of flaming
 s - a +0 blowgun
Missiles
 t - 22 poisoned needles
Armour
 m - a +2 robe of fire resistance (worn)
Jewellery
 l - a ring of sustain attributes (left hand)
Scrolls
 f - a scroll of identify {unknown}
 g - 2 scrolls of remove curse
 q - 2 scrolls of fog {unknown}
 u - a scroll of amnesia {unknown}
Potions
 b - a potion of agility {unknown}
 d - 11 potions of blood
 e - a potion of cure mutation {unknown}
 h - 2 potions of flight
 i - a potion of brilliance
 j - a potion of haste {unknown}
 k - a potion of mutation
 n - a potion of magic {unknown}
 p - a potion of might {unknown}
 r - a potion of heal wounds {unknown}
 v - a potion of curing {unknown}
Books
 c - a book of Maledictions

   Spells                             Type                      Level
   a - Corona                         Hexes                        1
   b - Ensorcelled Hibernation        Hexes/Ice                    2
   c - Confuse                        Hexes                        3
   d - Tukima's Dance                 Hexes                        3
   e - Dazzling Spray                 Conjuration/Hexes            3
 w - a book of Geomancy

   Spells                             Type                      Level
   a - Sandblast                      Earth                        1
   b - Passwall                       Transmutation/Earth          2
   c - Stone Arrow                    Conjuration/Earth            3
   d - Petrify                        Transmutation/Earth          4
   e - Lee's Rapid Deconstruction     Earth                        5


   Skills:
 + Level 1.6 Fighting
 + Level 3.1 Short Blades
 + Level 4.0 Dodging
 + Level 6.0 Stealth
 + Level 3.4 Spellcasting
 + Level 5.8 Hexes


You had 2 spell levels left.
You knew the following spells:

 Your Spells              Type           Power        Failure   Level  Hunger
a - Corona                Hex            #####..      1%          1    None
b - Ensorcelled Hibernat  Hex/Ice        ####..       1%          2    ##.....
c - Confuse               Hex            #####...     1%          3    ###....
d - Tukima's Dance        Hex            #####...     1%          3    ###....


Dungeon Overview and Level Annotations

Branches:
Dungeon (4/15)
 Temple: D:4-7

Altars:
Qazlal
Sif Muna
Trog
Yredelemnul

Shops:
D:4 (


Innate Abilities, Weirdness & Mutations

You do not heal naturally.
You are immune to poison.
You have razor-sharp teeth.
You have supernaturally acute eyesight. (SInv)
You can survive without breathing.
You are weak. (Str -2)


Message History

* * * LOW HITPOINT WARNING * * *
The orc barely misses you. The orc wizard barely misses you.
Drink which item? (? for menu, Esc to quit)
It was a potion of flight.
You feel very buoyant.
You fly up into the air.
The orc closely misses you. The orc barely misses you.
The orc wizard closely misses you.
Drink which item? (? for menu, Esc to quit)
It was a potion of brilliance.
You feel clever all of a sudden. The orc hits you but does no damage.
The orc closely misses you.
The orc wizard hits you but does no damage.
Drink which item? (? for menu, Esc to quit)
It was a potion of mutation.
You feel extremely strange.
You feel weaker.
Your thoughts seem clearer.
Your thinking seems confused.
The orc hits you with a dagger.
* * * LOW HITPOINT WARNING * * *
The orc wizard gestures at you while chanting.
The puff of flame hits you! You resist.
You die...

##. #)# .# ##.#
###.###
.###..#####.....##
......##......#..##
#####.
#.........###..#
......##.........#
###.
#....#.........##
## #).o..##....# #
#.@o.#####..# #
##.o.# #.## # #...#
### #...# ##....##
#......# ..####
.......#
#............##
#....#.......###


You could see an orc wizard and 2 orcs.

Vanquished Creatures
  An ogre (D:4)
  3 orc priests
  An orc wizard (D:3)
  A worker ant (D:4)
  Robin (D:3)
  7 adders
  2 worms
  3 dart slugs
  5 giant geckos
  11 orcs
  6 bats
  3 giant cockroaches
  14 goblins
  4 hobgoblins
  12 jackals
  3 ball pythons
  A giant newt (D:3)
  10 kobolds
  7 rats
95 creatures vanquished.

Notes
Turn   | Place    | Note
--------------------------------------------------------------
     0 | D:1      | oplop the Vampire Enchanter began the quest for the Orb.
     0 | D:1      | Reached XP level 1. HP: 13/13 MP: 3/3
     0 | D:1      | Upgraded the game from 0.19-a0-291-ga637243 to 0.19-a0-330-g034cfd4
   280 | D:1      | Reached XP level 2. HP: 19/19 MP: 5/5
   814 | D:2      | Reached XP level 3. HP: 24/24 MP: 6/6
   818 | D:2      | Learned a level 2 spell: Ensorcelled Hibernation
   870 | D:2      | Reached skill level 5 in Stealth
  1111 | D:2      | Reached XP level 4. HP: 26/30 MP: 2/8
  1298 | D:2      | Noticed a moth of wrath
  1301 | D:2      | Found a bloodstained altar of Trog.
  1368 | D:3      | Noticed Robin
  1404 | D:3      | Found a stormy altar of Qazlal.
  1416 | D:3      | Reached skill level 5 in Hexes
  1457 | D:3      | Learned a level 3 spell: Confuse
  1484 | D:3      | Reached XP level 5. HP: 35/35 MP: 3/9
  1578 | D:3      | Killed Robin
  1905 | D:3      | Reached skill level 1 in Fighting
  1968 | D:3      | Found a deep blue altar of Sif Muna.
  2352 | D:3      | Reached XP level 6. HP: 43/43 MP: 7/10
  2457 | D:4      | Reached skill level 6 in Stealth
  2476 | D:4      | Found Xipahiul's Weapon Boutique.
  2510 | D:4      | Found a basalt altar of Yredelemnul.
  2592 | D:4      | Noticed an orc warrior
  2641 | D:3      | Learned a level 3 spell: Tukima's Dance
  2685 | D:4      | Gained mutation: You are weak. (Str -2) [potion of mutation]
  2685 | D:4      | Gained mutation: You possess an exceptional clarity of mind. [potion of mutation]
  2685 | D:4      | Lost mutation: You possess an exceptional clarity of mind. [potion of mutation]
  2685 | D:4      | HP: 2/44 [orc/dagger (1)]
  2685 | D:4      | Killed from afar by an orc wizard

Vault maps used:
D:1:      tarquinn_simple_flora_water_d
D:2:      tgw_trog
D:3:      grunt_qazlal_clouds, nicolae_overflow_crystal_walls,
          nrook_loot_triangle, minmay_misc_feat_x, uniq_robin
D:4:      cheibriados_altar_wand_db, yredelemnul_altar_generic, serial_shops,
          nicolae_shop_temple_entry_statues_fountains

Skill      XL: |  1  2  3  4  5  6 |
---------------+-------------------+-----
Stealth        | 5 6 |  6.0
Short Blades   | 2 3 |  3.1
Dodging        | 3 4 |  4.0
Hexes          | 5 |  5.8
Spellcasting   | 3 |  3.4
Fighting       | 1 |  1.6

Action                   |  1- 3 |  4- 6 || total
-------------------------+-------+-------++-------
Melee: Short sword       |    65 |   160 ||   225
       Bite              |     7 |    14 ||    21
       Unarmed           |       |     4 ||     4
 Cast: Ensorcelled Hiber |     3 |     9 ||    12
       Confuse           |       |     8 ||     8
 Abil: End Transformatio |       |     2 ||     2
       Bat Form          |       |     2 ||     2
  Use: Scroll            |     4 |       ||     4
       Potion            |       |     3 ||     3
 Stab: Sleeping          |    10 |    12 ||    22
       Distracted        |       |     1 ||     1
Armor: Robe              |    18 |    38 ||    56
Dodge: Dodged            |    47 |   152 ||   199
